 Dungeon Crawl Stone Soup version 0.20.1-1-g8b1a95d (webtiles) character file.

321388 letownia the Executioner (level 20, -11/186 HPs)
             Began as a Deep Dwarf Necromancer on Oct 26, 2017.
             Was an Initiate of Gozag.
             Killed from afar by a deep elf mage (26 damage)
             ... with a stone arrow
             ... on level 2 of the Elven Halls on Oct 27, 2017.
             The game lasted 04:39:34 (58926 turns).

letownia the Executioner (Deep Dwarf Necromancer)  Turns: 58926, Time: 04:39:35

Health: -11/186    AC: 31    Str: 21    XL:     20   Next: 98%
Magic:  20/38      EV: 16    Int: 27    God:    Gozag
Gold:   2041       SH:  0    Dex: 22    Spells: 15/47 levels left

rFire    + + .     SeeInvis .   a - +5 battleaxe (flame)
rCold    + . .     Gourm    .   (shield currently unavailable)
rNeg     + + .     Faith    .   E - +4 plate armour {rC+}
rPois    +         Spirit   .   J - +2 helmet "Laez Zuy" {Str+3 Int+3 Dex+4}
rElec    .         Reflect  .   u - +0 cloak
rCorr    .         Harm     .   s - +1 pair of gloves of Existentialism {rF++ rN+}
MR       +++..                  v - +2 pair of boots
Stlth    ..........             K - amulet of magic regeneration
Regen    0.0/turn               A - +5 ring of intelligence
MPRegen  0.4/turn               P - ring of poison resistance

@: agile, gold aura, non-regenerating
A: damage resistance, heal wounds, negative energy resistance 1, sense
surroundings 3, no regeneration
}: 1/15 runes: gossamer
a: Heal Wounds, Potion Petition, Call Merchant, Bribe Branch, Renounce Religion


You were on level 2 of the Elven Halls.
You worshipped Gozag.
Gozag was most pleased with you.
You were not hungry.

You visited 9 branches of the dungeon, and saw 37 of its levels.
You visited 1 bazaar.

You collected 17145 gold pieces.
You spent 930 gold pieces at shops.
You paid 14174 gold pieces to Gozag.

Inventory:

Hand Weapons
 a - a +5 battleaxe of flaming (weapon)
 c - a +4 battleaxe of freezing
 d - a +1 demon trident of venom
 t - a +1 antimagic battleaxe
 w - a +4 demon whip of venom
Missiles
 O - 27 stones (quivered)
 Z - a throwing net
Armour
 s - the +1 pair of gloves of Existentialism (worn) {rF++ rN+}
   (You bought it in a shop on level 10 of the Dungeon)

   It greatly protects you from fire.
   It protects you from negative energy.
 u - a +0 cloak (worn)
 v - a +2 pair of boots (worn)
 z - a +1 plate armour of magic resistance
 E - a +4 plate armour of cold resistance (worn)
 J - the +2 helmet "Laez Zuy" (worn) {Str+3 Int+3 Dex+4}
   (You bought it in a shop on level 11 of the Dungeon)

   It affects your strength (+3).
   It affects your intelligence (+3).
   It affects your dexterity (+4).
Jewellery
 j - an uncursed ring of ice
 l - an uncursed ring of resist corrosion
 A - a +5 ring of intelligence (left hand)
 H - an uncursed ring of see invisible
 I - an uncursed ring of protection from magic
 K - an amulet of magic regeneration (around neck)
 P - a ring of poison resistance (right hand)
Wands
 g - a wand of iceblast (5/15)
 h - a wand of clouds (0/9)
 q - a wand of digging (5/24)
 U - a wand of paralysis (15/24)
Scrolls
 b - a scroll of enchant weapon
 k - 7 scrolls of teleportation
 m - a scroll of blinking
 n - 14 scrolls of remove curse
 o - a scroll of silence
 y - 3 scrolls of holy word
 B - 8 scrolls of fog
 C - 11 scrolls of identify
 F - 3 scrolls of immolation
 G - 4 scrolls of fear
 L - 3 scrolls of magic mapping
Potions
 e - 3 potions of cancellation
 f - 2 potions of ambrosia
 i - 2 potions of haste
 p - 2 potions of heal wounds
 x - 2 potions of resistance
 M - a potion of magic
 N - 3 potions of berserk rage
 R - a potion of curing
 S - 6 potions of lignification
 V - 2 potions of mutation
 W - 6 potions of might
 X - 7 potions of agility
 Y - 6 potions of brilliance
Miscellaneous
 T - a lightning rod (2/4)
Comestibles
 r - 16 bread rations


   Skills:
 - Level 12.9 Fighting
 + Level 21.2 Axes
 + Level 14.1 Armour
 - Level 6.3 Dodging
 - Level 2.4 Stealth
 + Level 14.2 Spellcasting
 - Level 2.0 Conjurations
 - Level 6.2 Charms
 - Level 17.9 Necromancy
 - Level 4.0 Translocations
 - Level 2.3 Fire Magic
 - Level 4.6 Air Magic
 - Level 2.3 Poison Magic
 - Level 5.2 Evocations


You had 15 spell levels left.
You knew the following spells:

 Your Spells              Type           Power        Failure   Level  Hunger
a - Pain                  Necr           ####         1%          1    None
b - Blink                 Tloc           N/A          9%          2    None
c - Conjure Flame         Conj/Fire      ####....     36%         3    None
e - Mephitic Cloud        Conj/Pois/Air  #####...     26%         3    None
l - Song of Slaying       Chrm           ######..     3%          2    None
s - Swiftness             Chrm/Air       #####...     4%          2    None
t - Shroud of Golubria    Chrm/Tloc      #####.....   5%          2    None
v - Vampiric Draining     Necr           #######...   1%          3    None
x - Spectral Weapon       Hex/Chrm       #####...     26%         3    None
R - Deflect Missiles      Chrm/Air       #####.....   99%         6    ####...
S - Silence               Hex/Air        ####......   97%         5    #......


Dungeon Overview and Level Annotations

Branches:
Dungeon (15/15)            Temple (1/1) D:5            Lair (6/6) D:11
 Shoals (2/4) Lair:3       Spider (4/4) Lair:2        Slime (1/5) Lair:6
    Orc (2/2) D:11            Elf (2/3) Orc:2        Vaults (4/5) D:13
  Crypt (0/3) Vaults:3     Depths (0/5) D:15

Altars:
Cheibriados
Dithmenos
Elyvilon
Fedhas
Gozag
Hepliaklqana
Makhleb
Okawaru
Qazlal
Ru
Sif Muna
Trog
Vehumet
Xom
Jiyva

Shops:
D:8 ![(*   D:10 [   D:11 [   Orc:2 *[*!   Elf:1 (   Lair:2 [[***=[   Vaults:4 [

Annotations:
Spider:3 Mara


Innate Abilities, Weirdness & Mutations

You are resistant to damage.
You can heal yourself by infusing magical energy.
You resist negative energy. (rN+)
You passively map a large area around you.
You do not regenerate.


Message History

The deep elf mage is severely wounded.
You feel life coursing into your body.
The deep elf mage points at you and mumbles some strange words.
The stone arrow hits you!
* * * LOW HITPOINT WARNING * * *
The deep elf archer shoots an arrow.
The arrow hits you but does no damage.
Unknown command.
Unknown command.
Unknown command.
Casting: Vampiric Draining
Confirm with . or Enter, or press ? or * to list all spells.
Aiming: Vampiric Draining
Press: ? - help, Shift-Dir - straight line, f/p - deep elf mage
Aim: a deep elf mage, wielding a long sword (severely wounded)
The deep elf mage is almost dead.
You feel life coursing into your body.
The deep elf mage gestures at you while chanting.
The stone arrow hits you!
You die...
Your body crumbles into a pile of gold.

,,,,,,,,,,,,,,,,,................
,,,,,,,,,,,,,,,,,................
****+****#################'######
,,,,,,,,,.....>..................
,,,,,,,,,........................
,,,,,,,,,........................
****,,,****#.e...................
*,,,* #...e.$...............
***,,,*** #...$@e...............
*,,,,,,,* #.?.$.$..>..........(.
**,,,,,,,**#....e.((.............
,,,,,,,,,...........e............
,,,,,,,,,.....e..................
,,,,,,,,,........................
**,,,,,,,###.....................
*,,,,,,,* #.....................
***,,,*** #.....................


You could see 3 deep elf archers and 3 deep elf magi.

Vanquished Creatures
  Xtahua (Vaults:4)
  Margery (Vaults:3)
  Arachne (Spider:3)
  Asterion (Spider:1)
  A titan (Vaults:4)
  2 liches
  2 deep elf blademasters (Elf:1)
  Gastronok (Lair:3)
  A sphinx (Vaults:4)
  Donald (Spider:1)
  2 frost giants
  2 fire giants
  The ghost of Turtleman12345 the Severer, a journeyman MiFi of Okawaru (Spider:1)
  Aizul (Spider:3)
  2 deep elf sorcerers
  9 vault wardens
  4 ghost moths
  5 emperor scorpions
  2 orc warlords (Orc:1)
  A deep elf elementalist (Elf:1)
  15 ironheart preservers
  4 very ugly things (Vaults:4)
  5 stone giants
  A deep elf demonologist (Elf:1)
  4 entropy weavers
  3 deep elf annihilators
  A spark wasp (Spider:4)
  The ghost of Erymatos the Cleaver, a journeyman MiBe of Trog (Lair:5)
  2 merfolk javelineers (Shoals:2)
  Josephine (Orc:2)
  2 merfolk impalers
  2 deep elf death magi (Elf:1)
  An ettin (Vaults:4)
  3 fire dragons
  8 yaktaur captains
  A rakshasa (Vaults:2)
  Harold (Lair:4)
  The ghost of Flubber the Basher, a journeyman HOFi of Beogh (Spider:1)
  2 death knights
  6 vault guards
  4 hydras
  3 anacondas
  3 ice dragons
  2 merfolk aquamancers
  13 ogre magi
  A tengu warrior (D:14)
  51 two-headed ogres
  Erica (D:8)
  A deep troll shaman (Vaults:2)
  2 merfolk avatars (Shoals:2)
  16 centaur warriors
  An alligator snapping turtle (Shoals:2)
  2 catoblepae
  A vampire mage (Vaults:3)
  3 orc high priests (Orc:2)
  A deep troll earth mage (Vaults:2)
  5 hell knights (Vaults:3)
  A shock serpent (shapeshifter) (Elf:1)
  14 deep elf knights
  2 shadow wraiths
  A soul eater (D:12)
  4 deep trolls
  A storm dragon skeleton (Vaults:3)
  An orange crystal statue (Elf:2)
  6 sea snakes
  10 unseen horrors
  10 deep elf archers
  A glowing orange brain (Vaults:3)
  3 necromancers (Vaults:3)
  3 wizards
  15 orc knights
  7 oklob plants
  A harpy (shapeshifter) (Vaults:4)
  13 ironbrand convokers
  3 lindwurms
  4 harpies (Shoals:1)
  36 wolf spiders
  26 orb spiders
  47 ugly things
  35 deep elf magi
  7 cyclopes
  6 manticores
  10 orc sorcerers
  2 fauns (Shoals:1)
  A human skeleton (Vaults:3)
  4 centaur zombies
  2 moths of wrath
  A merfolk siren (Shoals:1)
  An elephant (shapeshifter) (D:14)
  4 elephants
  7 black mambas
  A guardian serpent (shapeshifter) (Vaults:1)
  12 vault sentinels
  3 molten gargoyles (Lair:6)
  2 gargoyles (D:15)
  3 torpor snails
  10 spiny frogs
  5 centaur skeletons
  3 kobold demonologists
  2 rime drakes
  15 yaktaurs
  3 efreet
  A yaktaur (shapeshifter) (Vaults:4)
  11 demonic crawlers
  A redback zombie (D:15)
  2 freezing wraiths
  11 komodo dragons
  5 merfolk
  44 jumping spiders
  6 trolls
  6 meliai
  A queen bee (Lair:5)
  A meliai (shapeshifter) (Elf:1)
  3 wind drakes (shapeshifter)
  A polar bear (shapeshifter) (Vaults:3)
  Grinder (D:6)
  2 wind drakes
  10 hornets
  6 blink frogs
  A snapping turtle (shapeshifter) (Elf:1)
  9 hippogriffs
  26 slime creatures
  2 snapping turtles (Shoals:2)
  2 air elementals
  An ettin zombie (Vaults:3)
  10 water elementals
  A shadow (D:13)
  5 vampires
  A tarantella (shapeshifter) (D:14)
  20 tarantellas
  81 redbacks
  7 wraiths
  A human (D:7)
  35 yaks
  8 wyverns
  2 fire elementals (Elf:1)
  2 hogs (shapeshifter)
  5 basilisks
  2 hungry ghosts
  4 hogs (D:7)
  2 steam dragons (Lair:6)
  13 vampire mosquitoes
  6 wargs
  2 acid dragons (Vaults:2)
  5 hell hounds (Lair:6)
  A soldier ant (D:11)
  6 water moccasins
  Duvessa (D:6)
  12 porcupines
  42 orc warriors
  7 phantoms
  6 sky beasts
  4 ice beasts
  44 ogres
  An elf zombie (Vaults:3)
  The ghost of letownia the Grave Robber, an amateur DDNe (D:4)
  16 centaurs
  A necrophage (D:7)
  10 wolves
  19 crocodiles
  4 big kobolds
  2 big kobolds (shapeshifter)
  15 bullfrogs
  A gnoll sergeant (D:7)
  2 earth elementals (Elf:1)
  Dowan (D:6)
  5 wyvern skeletons
  2 water moccasin zombies (D:10)
  3 scorpions
  A water moccasin skeleton (D:8)
  A human simulacrum (Vaults:1)
  45 killer bees
  6 wights (D:13)
  5 electric eels
  4 howler monkeys
  9 crimson imps
  5 lava snakes (Lair:6)
  10 hounds
  2 quasits
  4 jellies
  30 orc wizards
  25 orc priests
  2 bullfrog skeletons
  7 iguanas
  11 worker ants
  A hell rat (Lair:5)
  A killer bee zombie (D:8)
  A hound skeleton (D:5)
  A mummy (D:4)
  17 adders
  5 gnolls (D:7)
  A river rat (Lair:5)
  5 shadow imps
  An ufetubus (D:12)
  2 oozes
  2 adder skeletons
  An adder zombie (D:9)
  A worm (shapeshifter) (Vaults:2)
  2 worms (D:4)
  A dart slug (D:2)
  9 leopard geckos
  119 orcs
  6 giant cockroaches
  5 goblins
  7 hobgoblins
  17 jackals
  22 kobolds
  3 quokkas
  7 bats
  4 frilled lizards
  A leopard gecko zombie (D:7)
  2 quokka skeletons
  6 rats
1551 creatures vanquished.

Vanquished Creatures (collateral kills)
  A jumping spider (Spider:3)
  A redback (Spider:2)
  A tarantella (Spider:1)
3 creatures vanquished.

Vanquished Creatures (others)
  12 dancing weapons
  A deep elf mage (Elf:2)
  An orb spider (Spider:4)
  A redback (Spider:1)
  4 tarantellas
  A vampire mosquito (D:15)
  An earth elemental (Elf:1)
  7 fungi (Lair:6)
  10 plants
38 creatures vanquished.

Grand Total: 1592 creatures vanquished

Notes
Turn   | Place    | Note
-------+----------+-------------------------------------------
     0 | D:1      | letownia the Deep Dwarf Necromancer began the quest for the Orb.
     0 | D:1      | Reached XP level 1. HP: 15/15 MP: 3/3
   429 | D:3      | Reached XP level 2. HP: 22/22 MP: 1/5
   799 | D:3      | Reached skill level 5 in Necromancy
   799 | D:3      | Reached XP level 3. HP: 10/28 MP: 2/7
   806 | D:3      | Learned a level 3 spell: Vampiric Draining
   967 | D:3      | Reached XP level 4. HP: 15/36 MP: 0/8
  1406 | D:4      | Noticed an ogre
  1431 | D:4      | Killed an ogre
  1431 | D:4      | Reached XP level 5. HP: 17/42 MP: 0/10
  1758 | D:4      | Noticed an ogre
  1772 | D:4      | Killed an ogre
  1772 | D:4      | Reached XP level 6. HP: 16/49 MP: 0/11
  2194 | D:4      | Noticed letownia's ghost (amateur DDNe)
  2240 | D:5      | Entered Level 5 of the Dungeon
  2871 | D:5      | Reached skill level 1 in Fighting
  2871 | D:5      | Reached skill level 1 in Armour
  2871 | D:5      | Reached XP level 7. HP: 54/57 MP: 6/12
  2976 | D:5      | Found a staircase to the Ecumenical Temple.
  2982 | Temple   | Entered the Ecumenical Temple
  3010 | Temple   | Became a worshipper of Gozag Ym Sagoz the Greedy
  5716 | D:6      | Noticed Grinder
  5740 | D:6      | Killed Grinder
  5740 | D:6      | Reached XP level 8. HP: 47/69 MP: 12/14
  5917 | D:6      | Reached skill level 5 in Spellcasting
  5930 | D:6      | Noticed Duvessa
  5930 | D:6      | Noticed Dowan
  6017 | D:6      | Killed Duvessa
  6020 | D:6      | Killed Dowan
  6038 | D:6      | Learned a level 3 spell: Conjure Flame
  6042 | D:6      | Learned a level 3 spell: Mephitic Cloud
  6045 | D:6      | Learned a level 2 spell: Blink
  6249 | D:6      | Reached skill level 1 in Fire Magic
  6341 | D:6      | Reached skill level 1 in Conjurations
  6341 | D:6      | Reached skill level 1 in Translocations
  6341 | D:6      | Reached skill level 1 in Poison Magic
  6452 | D:6      | Reached skill level 1 in Axes
  6493 | D:6      | Reached skill level 1 in Air Magic
  6707 | D:7      | Gained mutation: You passively map the area around you. [Deep Dwarf growth]
  6707 | D:7      | Reached XP level 9. HP: 40/75 MP: 6/17
  6741 | D:7      | Reached skill level 2 in Axes
  7275 | D:7      | Found a shadowy altar of Dithmenos.
  7867 | D:8      | Found Fomos's Antique Weapon Emporium.
  7897 | D:8      | Noticed a two-headed ogre
  7910 | D:8      | Killed a two-headed ogre
  7910 | D:8      | Reached XP level 10. HP: 67/84 MP: 8/22
  7999 | D:8      | Found a radiant altar of Vehumet.
  8135 | D:8      | Found a white marble altar of Elyvilon.
  8142 | D:8      | Found a burning altar of Makhleb.
  8173 | D:8      | Found Ytysyuc's Distillery.
  8194 | D:8      | Bought a potion of degeneration for 12 gold pieces
  8194 | D:8      | Bought a potion of berserk rage for 60 gold pieces
  8247 | D:8      | Noticed Erica
  8249 | D:8      | Noticed a two-headed ogre
  8393 | D:9      | Noticed a two-headed ogre
  8420 | D:9      | Killed a two-headed ogre
  8675 | D:9      | Reached skill level 3 in Axes
  8809 | D:8      | Killed Erica
  8831 | D:8      | Found Zuataquh's Assorted Antiques.
  8843 | D:8      | Bought a scroll labeled ZISMEG DYNOSCH for 23 gold pieces
  8843 | D:8      | Bought a scroll labeled RIYGUR YCUIPTY for 23 gold pieces
  8843 | D:8      | Bought a scroll labeled UMNIHU ITHE for 23 gold pieces
  8843 | D:8      | Bought a scroll labeled COW ZAN PAU for 23 gold pieces
  8843 | D:8      | Bought a scroll labeled COW ZAN PAU for 23 gold pieces
  8980 | D:8      | Killed a two-headed ogre
  8980 | D:8      | Reached skill level 4 in Axes
  8980 | D:8      | Reached skill level 5 in Evocations
  9097 | D:8      | Found Achiggir's Antique Armour Shop.
  9618 | D:9      | Reached XP level 11. HP: 87/92 MP: 19/24
  9669 | D:10     | Entered Level 10 of the Dungeon
 10178 | D:10     | Reached skill level 5 in Axes
 10200 | D:10     | Reached skill level 10 in Necromancy
 10587 | D:10     | Bought the +1 pair of gloves of Existentialism {rF++ rN+} for 496 gold pieces
 10647 | D:11     | Reached skill level 10 in Spellcasting
 10899 | D:11     | Reached skill level 5 in Fighting
 10900 | D:11     | Noticed a white ugly thing
 10934 | D:11     | Killed a green ugly thing
 11074 | D:11     | Noticed a purple ugly thing
 11081 | D:11     | Killed a purple ugly thing
 11114 | D:11     | Reached skill level 6 in Axes
 11160 | D:11     | Found a staircase to the Lair.
 11160 | D:11     | Noticed an oklob plant
 11160 | D:11     | Noticed an oklob plant
 11215 | D:11     | Noticed a two-headed ogre
 11232 | D:11     | Killed a two-headed ogre
 11441 | D:11     | Killed an unseen horror
 11541 | D:11     | Noticed a two-headed ogre
 11558 | D:11     | Killed a two-headed ogre
 11591 | D:11     | Found a staircase to the Orcish Mines.
 11769 | D:11     | Killed an unseen horror
 11769 | D:11     | Reached skill level 7 in Axes
 11820 | D:12     | Noticed a centaur warrior
 11826 | D:12     | Killed a centaur warrior
 11826 | D:12     | Reached XP level 12. HP: 77/105 MP: 13/26
 11844 | D:12     | Noticed a two-headed ogre
 11851 | D:12     | Killed a two-headed ogre
 12259 | D:12     | Noticed a two-headed ogre
 12281 | D:12     | Killed a two-headed ogre
 12673 | D:12     | Reached skill level 8 in Axes
 13318 | Orc:1    | Entered Level 1 of the Orcish Mines
 14173 | Orc:1    | Noticed an orc warlord
 14695 | D:10     | You fall through a shaft for 3 floors!
 14868 | D:13     | Found a stormy altar of Qazlal.
 14869 | D:13     | Noticed a centaur warrior
 14876 | D:13     | Killed a centaur warrior
 14968 | D:13     | Noticed a two-headed ogre
 15343 | D:12     | Reached XP level 13. HP: 39/115 MP: 13/27
 15826 | D:13     | Reached skill level 5 in Dodging
 16121 | D:13     | Found a gate to the Vaults.
 17018 | Orc:1    | Killed an orc warlord
 17184 | Orc:2    | Entered Level 2 of the Orcish Mines
 17187 | Orc:2    | Found a staircase to the Elven Halls.
 17407 | Orc:2    | Noticed Josephine
 17549 | Orc:2    | Noticed an orc warlord
 17665 | Orc:1    | Killed an orc warlord
 17665 | Orc:1    | Reached skill level 5 in Armour
 18157 | Orc:2    | Killed Josephine
 18258 | D:11     | Bought a scorched helmet for 247 gold pieces
 18270 | D:11     | Identified the +2 helmet "Laez Zuy" {Str+3 Int+3 Dex+4} (You bought it in a shop on level 11 of the Dungeon)
 19166 | Orc:2    | Found Osaanos's General Store.
 19170 | Orc:2    | Found Eruzioh's Antique Armour Shop.
 19176 | Orc:2    | Found Ezis's Assorted Antiques.
 19178 | Orc:2    | Found Lunedikec's Distillery.
 19472 | Lair:1   | Entered Level 1 of the Lair of Beasts
 19526 | Lair:1   | Reached skill level 9 in Axes
 19584 | Lair:1   | Gained mutation: You resist negative energy. (rN+) [Deep Dwarf growth]
 19584 | Lair:1   | Reached XP level 14. HP: 116/123 MP: 19/29
 20003 | Lair:1   | Got a steaming ring mail
 20014 | Lair:1   | Identified the +2 ring mail of the Countless Realms {rN+} (You found it on level 1 of the Lair of Beasts)
 20439 | Lair:2   | Found a hole to the Spider Nest.
 20802 | Lair:2   | Reached skill level 10 in Axes
 21150 | Lair:3   | Noticed Gastronok
 21161 | Lair:3   | Killed Gastronok
 21490 | Lair:3   | Found a staircase to the Shoals.
 22032 | Lair:4   | Noticed Harold
 22046 | Lair:4   | Killed Harold
 22817 | Lair:5   | Noticed Erymatos's ghost (journeyman MiBe)
 22889 | Lair:5   | Reached skill level 11 in Axes
 23002 | Lair:5   | Killed Erymatos's ghost
 23002 | Lair:5   | Reached skill level 15 in Necromancy
 23126 | Lair:5   | Got a crystal quarterstaff
 23127 | Lair:5   | Identified the cursed +0 quarterstaff "Vyizir" {antimagic, rF+ rC+} (You found it on level 5 of the Lair of Beasts)
 24191 | Lair:6   | Entered Level 6 of the Lair of Beasts
 24461 | Lair:6   | Reached skill level 12 in Axes
 25345 | Lair:6   | Found a viscous altar of Jiyva.
 25345 | Lair:6   | Found a staircase to the Slime Pits.
 25646 | Lair:6   | Reached XP level 15. HP: 67/129 MP: 11/30
 26041 | Lair:6   | Found a large runed door.
 26042 | Lair:6   | Found a large runed door.
 26546 | Lair:5   | Reached skill level 13 in Axes
 28183 | D:15     | Entered Level 15 of the Dungeon
 28305 | D:15     | Reached skill level 14 in Axes
 29496 | D:15     | Noticed a frost giant
 29496 | D:15     | Found a staircase to the Depths.
 29515 | D:15     | Killed a frost giant
 29683 | Spider:1 | Entered Level 1 of the Spider Nest
 29686 | Spider:1 | Noticed Turtleman12345's ghost (journeyman MiFi)
 29794 | Elf:1    | Entered Level 1 of the Elven Halls
 29968 | Elf:1    | Reached XP level 16. HP: 134/138 MP: 22/31
 31071 | Elf:1    | Found Ohiehoex's Weapon Shoppe.
 31234 | Elf:1    | Found a huge runed gate.
 31234 | Elf:1    | Found a huge runed gate.
 31234 | Elf:1    | Found a huge runed gate.
 31234 | Elf:1    | Found a huge runed gate.
 31234 | Elf:1    | Found a huge runed gate.
 31235 | Elf:1    | Found a huge runed gate.
 31236 | Elf:1    | Found a huge runed gate.
 31236 | Elf:1    | Found a huge runed gate.
 31288 | Elf:1    | Found a huge runed gate.
 31290 | Elf:1    | Found a huge runed gate.
 31292 | Elf:1    | Found a huge runed gate.
 31293 | Elf:1    | Found a huge runed gate.
 31294 | Elf:1    | Found a huge runed gate.
 31295 | Elf:1    | Found a huge runed gate.
 31295 | Elf:1    | Found a huge runed gate.
 31301 | Elf:1    | Found a huge runed gate.
 31302 | Elf:1    | Found a huge runed gate.
 31302 | Elf:1    | Found a huge runed gate.
 31303 | Elf:1    | Found a huge runed gate.
 31303 | Elf:1    | Found a huge runed gate.
 31314 | Elf:1    | Reached skill level 10 in Armour
 31318 | Elf:1    | Found a huge runed gate.
 31318 | Elf:1    | Found a huge runed gate.
 31319 | Elf:1    | Found a huge runed gate.
 31320 | Elf:1    | Found a huge runed gate.
 31595 | Elf:1    | Found a huge runed gate.
 31595 | Elf:1    | Found a huge runed gate.
 31595 | Elf:1    | Found a huge runed gate.
 31595 | Elf:1    | Found a huge runed gate.
 31595 | Elf:1    | Found a huge runed gate.
 31950 | Lair:2   | Reached skill level 15 in Axes
 32140 | Shoals:1 | Entered Level 1 of the Shoals
 32284 | Shoals:1 | Got a crude shortbow
 33213 | Spider:1 | Noticed Flubber's ghost (journeyman HOFi)
 33323 | Lair:2   | Identified the cursed +0 shortbow "Beleas" {flame, Str-3 Dex+5} (You found it on level 1 of the Shoals)
 33420 | Spider:1 | Killed Flubber's ghost
 35309 | D:4      | Killed letownia's ghost
 35435 | D:4      | Found a snail-covered altar of Cheibriados.
 36415 | Slime:1  | Entered Level 1 of the Pits of Slime
 36424 | Slime:1  | Noticed an acid blob
 36425 | Slime:1  | Noticed an acid blob
 36744 | Lair:4   | Reached skill level 16 in Axes
 37352 | Spider:1 | Killed Turtleman12345's ghost
 37412 | Spider:1 | Noticed Asterion
 37419 | Spider:1 | Noticed Donald
 37427 | Spider:1 | Killed Asterion
 37435 | Spider:1 | Killed Donald
 39679 | Spider:2 | Reached XP level 17. HP: 138/152 MP: 11/32
 40207 | Spider:2 | Reached skill level 10 in Fighting
 40207 | Spider:2 | Reached skill level 17 in Axes
 40287 | Spider:2 | Learned a level 2 spell: Swiftness
 40936 | Elf:1    | Noticed a deep elf blademaster
 40936 | Elf:1    | Noticed a deep elf blademaster
 41388 | Spider:3 | Noticed Mara
 42147 | Spider:3 | Noticed Arachne
 42165 | Spider:3 | Killed Arachne
 42208 | Spider:3 | Noticed Aizul
 42224 | Spider:3 | Killed Aizul
 42361 | Spider:3 | Learned a level 2 spell: Song of Slaying
 42365 | Spider:3 | Learned a level 3 spell: Spectral Weapon
 42368 | Spider:3 | Learned a level 2 spell: Shroud of Golubria
 42555 | Spider:3 | Reached skill level 1 in Charms
 42944 | Spider:3 | Reached skill level 18 in Axes
 43248 | Spider:3 | Got a slimy ring mail
 43259 | Spider:3 | Identified the +5 ring mail "Utwus Qafo" {Str+3 SInv} (You found it on level 3 of the Spider Nest)
 44384 | Spider:4 | Entered Level 4 of the Spider Nest
 44397 | Spider:3 | Reached skill level 5 in Charms
 44497 | Spider:4 | Got an ichor-stained scale mail
 44515 | Spider:3 | Identified the +2 scale mail of the Ward {rPois MR- Dex+6} (You found it on level 4 of the Spider Nest)
 46281 | Spider:4 | Gained mutation: You passively map a large area around you. [Deep Dwarf growth]
 46281 | Spider:4 | Reached XP level 18. HP: 60/163 MP: 7/33
 46477 | Spider:4 | Got a gossamer rune of Zot
 46872 | Vaults:1 | Entered Level 1 of the Vaults
 47060 | Vaults:1 | Reached skill level 19 in Axes
 49695 | Vaults:1 | Learned a level 6 spell: Deflect Missiles
 49701 | Vaults:1 | Learned a level 5 spell: Silence
 51587 | Vaults:2 | Reached XP level 19. HP: 162/176 MP: 18/35
 53748 | Vaults:3 | Got an ichor-stained chain mail
 53759 | Vaults:3 | Identified the +0 chain mail "Zaos" {-Tele rF+++ Str+4 Int+6} (You found it on level 3 of the Vaults)
 53785 | Vaults:3 | Found a staircase to the Crypt.
 54111 | Vaults:3 | Reached skill level 20 in Axes
 54420 | Vaults:3 | Noticed Margery
 54491 | Vaults:3 | Killed Margery
 55065 | Shoals:2 | Reached XP level 20. HP: 159/186 MP: 2/37
 56241 | Vaults:4 | Noticed Xtahua
 56257 | Vaults:4 | Killed Xtahua
 56294 | Vaults:4 | Found a flickering gateway to a bazaar.
 57098 | Bazaar   | Entered a bazaar
 57098 | Bazaar   | Found Husiem's Magic Scroll Shop.
 57098 | Bazaar   | Found Guakk's Antique Armour Boutique.
 57098 | Bazaar   | Found Ryfufe's Magic Scroll Boutique.
 57098 | Bazaar   | Found Buzxucuts's Gadget Boutique.
 57098 | Bazaar   | Found Saicsix's Food Shop.
 57452 | Vaults:4 | Reached skill level 21 in Axes
 58916 | Elf:2    | HP: 9/186 [deep elf archer/arrow (5)]
 58925 | Elf:2    | HP: 9/186 [deep elf mage/stone arrow (15)]
 58926 | Elf:2    | Killed from afar by a deep elf mage

Skill      XL: |  1  2  3  4  5  6  7  8  9 10 11 12 13 14 15 16 17 18 19 20 |
---------------+-------------------------------------------------------------+-----
Spellcasting   | 2 3 4 5 8 9 10 11 12 13 14 | 14.2
Necromancy     | 5 6 7 8 9 11 13 14 16 17 | 17.9
Fighting       | 1 3 4 6 7 9 10 12 | 12.9
Armour         | 1 2 7 8 10 12 14 | 14.1
Evocations     | 2 3 5 |  5.2
Fire Magic     | 1 2 |  2.3
Conjurations   | 1 2 |  2.0
Translocations | 1 2 4 |  4.0
Poison Magic   | 1 2 |  2.3
Axes           | 1 2 4 7 8 9 12 14 16 18 19 20 21 | 21.2
Air Magic      | 1 2 3 4 |  4.6
Dodging        | 3 6 |  6.3
Charms         | 6 |  6.2
Stealth        | |  2.4

Action                   |  1- 3 |  4- 6 |  7- 9 | 10-12 | 13-15 | 16-18 | 19-21 || total
-------------------------+-------+-------+-------+-------+-------+-------+-------++-------
Melee: Dagger            |    25 |    51 |       |       |       |       |       ||    76
       Morningstar       |       |       |   132 |   286 |   710 |    95 |       ||  1223
       Battleaxe         |       |       |     6 |       |       |   171 |   794 ||   971
       Trident           |       |       |       |    33 |       |       |       ||    33
       War axe           |       |       |       |       |   249 |       |       ||   249
       Demon whip        |       |       |       |       |       |   909 |       ||   909
       Demon trident     |       |       |       |       |       |    38 |       ||    38
 Fire: Arbalest          |       |       |    17 |    37 |     7 |       |       ||    61
       Blowgun           |       |       |       |       |     5 |       |       ||     5
       Triple crossbow   |       |       |       |       |       |    19 |       ||    19
Throw: Tomahawk          |       |       |       |     1 |       |       |       ||     1
       Javelin           |       |       |       |       |       |     5 |       ||     5
 Cast: Pain              |    48 |    46 |   170 |    70 |    16 |    43 |       ||   393
       Vampiric Draining |     2 |    31 |    45 |   249 |   528 |   890 |   389 ||  2134
       Conjure Flame     |       |       |     4 |    40 |    20 |    42 |       ||   106
       Blink             |       |       |       |     9 |    18 |    97 |     4 ||   128
       Mephitic Cloud    |       |       |       |    25 |    39 |   179 |    27 ||   270
       Swiftness         |       |       |       |       |       |     1 |       ||     1
       Song of Slaying   |       |       |       |       |       |       |     1 ||     1
Invok: Call Merchant     |       |       |       |     2 |     5 |     2 |     2 ||    11
 Abil: Evoke Flight      |       |       |       |       |       |     1 |       ||     1
Evoke: Wand              |       |       |       |    24 |    55 |    40 |     2 ||   121
       Sack of spiders   |       |       |       |     1 |     1 |     6 |       ||     8
       Lightning rod     |       |       |       |       |       |     2 |       ||     2
  Use: Scroll            |       |       |     5 |    18 |    14 |    20 |     4 ||    61
       Potion            |       |       |       |     1 |     1 |     7 |     3 ||    12
 Stab: Sleeping          |       |     1 |     2 |       |       |       |       ||     3
       Confused          |       |       |       |     4 |    14 |    54 |    23 ||    95
       Distracted        |       |       |       |     3 |     6 |     5 |     5 ||    19
       Paralysed         |       |       |       |       |     4 |       |       ||     4
  Eat: Chunk             |     1 |     9 |     1 |       |       |       |       ||    11
       Fruit             |       |       |     8 |       |       |     3 |    10 ||    21
       Royal jelly       |       |       |     2 |     8 |    10 |     4 |     2 ||    26
       Meat ration       |       |       |     1 |     3 |     5 |     6 |     1 ||    16
       Bread ration      |       |       |       |       |     1 |     6 |     2 ||     9
Armor: Robe              |     5 |       |       |       |       |       |       ||     5
       Ring mail         |    12 |    31 |   169 |   302 |    31 |       |       ||   545
       Plate armour      |       |       |       |       |   135 |       |   603 ||   738
       Chain mail        |       |       |       |       |   895 |  1446 |    35 ||  2376
Dodge: Dodged            |    26 |    58 |   192 |   317 |   873 |   978 |   347 ||  2791
